 Seeded DCSS version 0.31-a0-7-g51783674b7 (webtiles) character file.

Game seed: 4977692948184480723 (custom seed)

4735 Pimp the Nimble (level 10, -3/79 HPs)
             Began as a Merfolk Fighter on May 5, 2023.
             Was a Priest of Okawaru.
             Slain by a death yak (9 damage)
             ... on level 7 of the Dungeon.
             The game lasted 00:22:13 (7370 turns).

Pimp the Nimble (Merfolk Fighter)                   Turns: 7370, Time: 00:22:14

Health: -3/79      AC: 20    Str: 20    XL:     10   Next: 46%
Magic:  16/16      EV: 15    Int:  9    God:    Okawaru [***...]
Gold:   197        SH:  0    Dex: 19    Spells: 17/17 levels left

rFire   . . .        p - +5 spear of the Peculiar Priests {heavy, rC+ rN+}
rCold   + + +        I - orb "Tyunkom" {*channel, rC++}
rNeg    + . .        o - +3 plate armour
rPois   +            a - +2 hat
rElec   .            J - +2 cloak {rPois}
rCorr   .            l - +2 pair of gloves
SInv    .            w - +0 pair of boots
Will    +....        s - amulet of magic regeneration Stlth
                     k - +5 ring of evasion
HPRegen 0.33/turn    x - +6 ring of dexterity
MPRegen 0.55/turn

%: channel magic (20%)
@: no status effects
A: (nimble swimmer 2), mertail, deformed body, strong-willed 1
a: Renounce Religion, Heroism


You were on level 7 of the Dungeon.
You worshipped Okawaru.
Okawaru was most pleased with you.
You visited 1 branch of the dungeon, and saw 8 of its levels.
You also visited: Sewer.

You collected 344 gold pieces.
You spent 147 gold pieces at shops.

Inventory:

Hand Weapons
 p - the +5 spear of the Peculiar Priests (weapon) {heavy, rC+ rN+}
   (You found it on level 2 of the Dungeon)

   rC:        It protects you from cold.
   rN:        It protects you from negative energy.
 E - a +3 halberd of freezing
Missiles
 i - 9 javelins
Armour
 a - a +2 hat (worn)
 b - a +0 scale mail
 c - a +0 buckler
 l - a +2 pair of gloves (worn)
 n - a scarf of harm
 o - a +3 plate armour (worn)
 w - a +0 pair of boots (worn)
 I - the orb "Tyunkom" (worn) {*channel, rC++}
   (You found it on level 6 of the Dungeon)

   rC:        It greatly protects you from cold.
 J - a +2 cloak of poison resistance (worn)
Jewellery
 k - a +5 ring of evasion (left hand)
 s - an amulet of magic regeneration (around neck)
 v - a ring of protection from cold
 x - a +6 ring of dexterity (right hand)
 H - a ring of positive energy
Wands
 r - a wand of flame (16)
 L - a wand of mindburst (4) (quivered)
Scrolls
 j - 3 scrolls of immolation
 t - 3 scrolls of torment
 y - a scroll of enchant weapon
 z - a scroll of vulnerability
 A - 3 scrolls of magic mapping
 F - a scroll of noise
 M - a scroll of poison
 N - a scroll of blinking
Potions
 d - 4 potions of might
 B - a potion of flight {unknown}
 C - a potion of brilliance {unknown}
 D - a potion of ambrosia {unknown}
 K - a potion of cancellation


   Skills:
 + Level 7.4 Fighting
 + Level 8.6 Polearms
 + Level 5.1 Armour
 * Level 9.2 Dodging
 + Level 6.9 Shields
 + Level 4.3 Spellcasting


You had 17 spell levels left.
You didn't know any spells.
Your spell library contained the following spells:

 Spells                   Type           Power      Damage    Failure   Level
 Freeze                   Ice            4%         1d3       100%        1
 Frozen Ramparts          Ice            2%         1d1       100%        3
 Hailstorm                Conj/Ice       1%         3d3       100%        3
 Manifold Assault         Tloc           1%         N/A       100%        4
 Iskenderun's Battlesphe  Conj           1%         2d6       100%        5
 Dispersal                Tloc           0%         N/A       100%        6
 Iron Shot                Conj/Erth      0%         9d1       100%        6
 Disjunction              Tloc           0%         N/A       100%        8
 Summon Forest            Summ/Tloc      Unusable   N/A       N/A         5
 Summon Mana Viper        Hex/Summ       Unusable   N/A       N/A         5
 Summon Cactus Giant      Summ           Unusable   N/A       N/A         6
 Spellforged Servitor     Conj/Summ      Unusable   N/A       N/A         7

Dungeon Overview and Level Annotations

Branches:
Dungeon (8/15)             Temple (0/1) D:5           Sewer (visited)
   Lair: D:8-11

Altars:
Elyvilon
Nemelex Xobeh
Okawaru
Xom

Shops:
D:1 (?   D:3 ?[   D:5 (   D:7 (

Annotations:
D:3 mandoloar's ghost, amateur OpTm


Innate Abilities, Weirdness & Mutations

((You are very nimble when in or above water. (Stealth+, EV+, Speed+++)))
Your lower body shifts to a powerful aquatic tail in water.
Armour fits poorly on your strangely shaped body.
You are strong-willed. (Will+)


Message History

The death yak misses you.
You puncture the death yak!
The death yak is heavily wounded.
The death yak gores you but does no damage.
You puncture the death yak!
The death yak is severely wounded.
You puncture the death yak!
The death yak is almost dead.
The death yak closely misses you.
You barely miss the death yak.
The death yak is almost dead.
You puncture the death yak!
The death yak is almost dead.
The death yak gores you but does no damage.
You puncture the death yak!
You kill the death yak!
Okawaru is honoured by your kill.
Your Dodging skill increases to level 9!
There is a stone staircase leading down, spattered with blood here.
You start resting.
Your extra speed is starting to run out.
You start resting.
You feel yourself slow down.
You start resting.
You feel a little less mighty now.
You start resting.
HP restored.
You climb downwards.
The orc shouts! x2
The death yak gores you!! The death yak gores you.
There is a stone staircase leading up, spattered with blood here.
The death yak barely misses you. The death yak gores you!
You climb upwards.
There is a stone staircase leading down, spattered with blood here.
The death yak attacks as you move away! The death yak gores you!
The death yak gores you!!
* * * LOW HITPOINT WARNING * * *
The death yak attacks as you move away! The death yak misses you.
The death yak attacks as you move away! The death yak gores you!
You die...

#.# #.#.#[..#.#~P #########
#.# #...........♣ ........#
#.# #.#.#.....~P~ #######.#
#.# #.#.##.#.PP~~ #.# #.#
#.#...)...P♣~
#.########.####.####)#P~P~P
#..............># #.#.~P~P
#.......YY......# #..~~~~P
##.#######@##.### ###.PPP#
#.# #.##...# #..... #.#
#.##...######.)...
#.#######.##..............
#......##.##......[.......
##'###.##....~~~.......~##
##≈§§##.#####.P~P~~P~PP~~#
##≈≈.≈≈##......~~~~~~~~~~~#
#≈≈..§≈≈#######~~~~~~~~~~P#


You could see 2 death yaks.

Vanquished Creatures
  4 death yaks (D:7)
  2 ogres (D:6)
  A phantom (D:5)
  4 bullfrogs
  3 scorpions
  8 wights (D:7)
  A killer bee (D:7)
  2 howler monkeys (D:7)
  4 electric eels (D:7)
  3 quasits (D:3)
  3 jellies
  3 orc priests
  Crazy Yiuf (D:6)
  2 gnoll boudas
  6 hounds
  An iguana (D:5)
  A sleepcap (D:6)
  6 orc wizards
  9 gnolls
  11 adders
  3 river rats (Sewer)
  A shadow imp (D:6)
  A white imp (D:7)
  A worm (D:4)
  2 dart slugs
  31 orcs
  9 ball pythons
  4 endoplasms
  4 giant cockroaches
  2 goblins
  2 hobgoblins
  7 jackals
  8 kobolds
  5 quokkas
  7 bats
  14 frilled lizards
  6 rats
182 creatures vanquished.

Vanquished Creatures (others)
  An ufetubus (D:7)
  16 plants
17 creatures vanquished.

Grand Total: 199 creatures vanquished

Notes
Turn   | Place    | Note
-------+----------+-------------------------------------------
     0 | D:1      | Pimp the Merfolk Fighter began the quest for the Orb.
     0 | D:1      | Reached XP level 1. HP: 18/18 MP: 1/1
    84 | D:1      | Found Yrut's Magic Scroll Boutique.
   125 | D:1      | Reached XP level 2. HP: 24/24 MP: 2/2
   434 | D:1      | Found Hineycria's Weapon Shop.
   488 | D:1      | Reached XP level 3. HP: 29/29 MP: 3/3
  1241 | D:2      | Identified the +5 spear of the Peculiar Priests {heavy, rC+
                  | rN+}
  1385 | D:3      | Found a transporter.
  1386 | D:3      | Noticed a scorpion
  1391 | D:3      | Killed a scorpion
  1392 | D:3      | Reached XP level 4. HP: 37/37 MP: 4/4
  1392 | D:3      | Reached XP level 5. HP: 42/42 MP: 5/5
  1419 | D:3      | Found Busa Deo's Antique Armour Emporium.
  1504 | D:3      | Found Seuhof's Magic Scroll Shop.
  1545 | D:3      | Found a glowing drain.
  1558 | Sewer    | Entered a sewer
  1716 | Sewer    | Reached XP level 6. HP: 49/49 MP: 6/6
  2268 | D:3      | Noticed mandoloar's ghost (amateur OpTm)
  2287 | D:3      | Found a transporter.
  2328 | D:3      | Bought an embroidered hat for 147 gold pieces
  2428 | D:3      | Found a white marble altar of Elyvilon.
  2428 | D:3      | Found a sparkling altar of Nemelex Xobeh.
  2602 | D:3      | Reached skill level 5 in Polearms
  2994 | D:4      | Found an iron altar of Okawaru.
  3024 | D:4      | Became a worshipper of Warmaster Okawaru
  3299 | D:4      | Found a shimmering altar of Xom.
  3384 | D:5      | Entered Level 5 of the Dungeon
  3391 | D:5      | Reached skill level 5 in Fighting
  3391 | D:5      | Reached XP level 7. HP: 54/56 MP: 7/7
  3434 | D:5      | Reached skill level 1 in Dodging
  3450 | D:5      | Found a staircase to the Ecumenical Temple.
  3498 | D:5      | Reached skill level 2 in Dodging
  3693 | D:5      | Reached skill level 1 in Spellcasting
  3735 | D:5      | Reached * piety under Okawaru
  3740 | D:5      | Reached skill level 3 in Dodging
  3830 | D:5      | Reached skill level 5 in Shields
  3830 | D:5      | Reached XP level 8. HP: 63/63 MP: 8/10
  3938 | D:5      | Found Hijeos Gun's Weapon Shoppe.
  4502 | D:6      | Identified the +1 leather armour of the Morning {rF- rCorr
                  | Int+3 Stlth+}
  4526 | D:6      | Reached skill level 4 in Dodging
  4718 | D:6      | Identified the orb "Tyunkom" {*channel, rC++}
  4728 | D:6      | Found a runed translucent door.
  4729 | D:6      | Noticed Crazy Yiuf
  4856 | D:6      | Reached ** piety under Okawaru
  4857 | D:6      | Reached skill level 5 in Dodging
  5348 | D:6      | Killed Crazy Yiuf
  5487 | D:7      | Reached XP level 9. HP: 65/69 MP: 12/12
  5495 | D:7      | Reached skill level 6 in Dodging
  5839 | D:7      | Found Xesad's Weapon Boutique.
  6337 | D:7      | Reached skill level 7 in Dodging
  6474 | D:8      | Noticed a death yak
  6475 | D:8      | Noticed a death yak
  6477 | D:8      | Noticed a death yak
  6478 | D:8      | Noticed a death yak
  6478 | D:8      | Noticed a death yak
  6478 | D:8      | Noticed a death yak
  6478 | D:8      | Noticed a death yak
  6503 | D:7      | Killed a death yak
  6503 | D:7      | Reached *** piety under Okawaru
  6635 | D:7      | Gained mutation: Armour fits poorly on your strangely
                  | shaped body. [potion of mutation]
  6635 | D:7      | Gained mutation: Your flesh is heat resistant. (rF+)
                  | [potion of mutation]
  6635 | D:7      | Lost mutation: Your flesh is heat resistant. (rF+) [potion
                  | of mutation]
  6635 | D:7      | Gained mutation: You are strong-willed. (Will+) [potion of
                  | mutation]
  6665 | D:7      | Killed a death yak
  6666 | D:7      | Reached skill level 8 in Dodging
  6666 | D:7      | Reached XP level 10. HP: 23/79 MP: 14/16
  6856 | D:7      | Killed a death yak
  6857 | D:7      | Reached skill level 5 in Armour
  7147 | D:7      | Killed a death yak
  7148 | D:7      | Reached skill level 9 in Dodging
  7370 | D:7      | Slain by a death yak

Illustrated notes

Levels and vault maps discovered:
D:1:      spicycebolla_arrival_xxxplode, layout_loops_ring, serial_shops, shop,
          nicolae_shop_bloodbath_and_beyond, minmay_lizard_pond
D:2:      layout_rooms
D:3:      layout_rooms, gammafunk_temple_overflow_elements,
          gammafunk_ghost_stat_death, serial_shops, shop,
          nicolae_shop_rolled_up, portal_sewer_entry_d
D:4:      layout_basic, mainiacjoe_overflow_24_doors,
          mainiacjoe_overflow_catwalk
D:5:      layout_cave_pods, minmay_temple_entry_hall, serial_shops, shop,
          minmay_misc_feat_pillars
D:6:      layout_cave_pools, uniq_crazy_yiuf_cottage
D:7:      layout_loops_ring, serial_bayou, serial_bayou_pond_b,
          serial_bayou_shore_a, serial_bayou_shore_b, serial_bayou_lagoon_a,
          kennysheep_small_circle
D:8:      layout_loops_cross, lemuel_tele_altar, ashenzari_conservatory_becter,
          dpeg_lair_monsters

Skill      XL: |  1  2  3  4  5  6  7  8  9 10 |
---------------+-------------------------------+-----
Polearms       | 3 4 5 6 8 |  8.6
Fighting       | 4 5 6 7 |  7.4
Armour         | 3 4 5 |  5.1
Shields        | 4 5 6 |  6.9
Dodging        | 3 5 8 9 |  9.2
Spellcasting   | 1 2 4 |  4.3

Action                     |  1- 3 |  4- 6 |  7- 9 | 10-12 || total
---------------------------+-------+-------+-------+-------++-------
  Melee: Trident           |   129 |       |       |       ||   129
         Spear             |     3 |   131 |   273 |    44 ||   451
         Tailslap          |       |     2 |       |       ||     2
  Throw: Javelin           |    10 |       |       |       ||    10
  Evoke: Wand              |       |       |     6 |       ||     6
    Use: Scroll            |       |     8 |    16 |       ||    24
         Potion            |       |     2 |     9 |     3 ||    14
 Armour: Scale mail        |    79 |       |       |       ||    79
         Plate armour      |    10 |   146 |   186 |     9 ||   351
  Dodge: Dodged            |    67 |    49 |   147 |    22 ||   285
  Block: Buckler           |    32 |    45 |    51 |       ||   128

Table legend: (Time is in decaauts)
 A = Elapsed time spent in this place.
 B = Non-inter-level travel time spent in this place.
 C = Inter-level travel time spent in this place.
 D = Time resting spent in this place.
 E = Time spent auto-exploring this place.
 F = Levels seen in this place.
 G = Mean time per level.
                   A        B        C        D        E       F      G
               +--------+--------+--------+--------+--------+-----+--------+
         Total |   7307 |   6815 |    492 |   1270 |   3843 |   9 |  811.9 |
       Dungeon |   6877 |   6385 |    492 |   1270 |   3566 |   8 |  859.6 |
         Sewer |    429 |    429 |      0 |      0 |    277 |   1 |  429.0 |
               +--------+--------+--------+--------+--------+-----+--------+

Top non-repeatable levels by time:
     D:7: 1900 daAuts
     D:5: 1081 daAuts
     D:6: 987 daAuts
     D:1: 818 daAuts
     D:4: 757 daAuts
     D:3: 746 daAuts
     D:2: 561 daAuts
   Sewer: 429 daAuts
     D:8: 24 daAuts
